 Dungeon Crawl Stone Soup version 0.26.1-11-gd32895ea62 (webtiles) character file.

Game seed: 1929527997552253081

4826 H0rd4k the Thaumaturge (level 10, -11/52 HPs)
             Began as a Deep Elf Hedge Wizard on Apr 30, 2021.
             Was an Initiate of Gozag.
             Killed by divine providence
             ... invoked by an orc priest
              (16 damage)
             ... on level 9 of the Dungeon.
             The game lasted 00:20:33 (11867 turns).

H0rd4k the Thaumaturge (Deep Elf Hedge Wizard)     Turns: 11867, Time: 00:20:33

Health: -11/52     AC:  7    Str:  3    XL:     10   Next: 25%
Magic:  28/37      EV: 16    Int: 23    God:    Gozag
Gold:   1086       SH:  0    Dex: 16    Spells: 25/34 levels left

rFire    + . .     SeeInvis .   w - +3 dagger of the Singing Saviour {vorpal, rPois rN+++ Str-4}
rCold    + + .     Faith    +   (no shield)
rNeg     + + +     Spirit   .   b - +0 robe
rPois    +         Reflect  .   D - +0 helmet of the Gastropod {rC+ Dex+2}
rElec    .         Harm     .   E - scarf {rC+ rF+}
rCorr    .         Rampage  .   (no gloves)
Will     +....                  (no boots)
Stlth    +++.......             B - amulet of faith
HPRegen  0.17/turn              e - +4 ring of protection
MPRegen  0.25/turn              G - ring of magical power

@: gold aura
A: no striking features
a: Renounce Religion, Potion Petition, Call Merchant, Bribe Branch


You were on level 9 of the Dungeon.
You worshipped Gozag.
Gozag was most pleased with you.
You visited 1 branch of the dungeon, and saw 9 of its levels.

You collected 1163 gold pieces.
You paid 77 gold pieces to Gozag.

Inventory:

Hand Weapons
 a - a +0 dagger
 w - the +3 dagger of the Singing Saviour (weapon) {vorpal, rPois rN+++ Str-4}
   (You found it on level 4 of the Dungeon)

   It inflicts extra damage upon your enemies.
   It affects your strength (-4).
   It protects you from poison.
   It renders you almost immune to negative energy.
 L - the +6 mace of Regicide {antimagic, rElec rPois Str+3}
   (You found it on level 8 of the Dungeon)

   It reduces the magical energy of the wielder, and disrupts the spells and
   magical abilities of those hit.
   Natural abilities and divine invocations are not affected.
   It affects your strength (+3).
   It insulates you from electricity.
   It protects you from poison.
Armour
 b - a +0 robe (worn)
 c - a +0 hat
 D - the +0 helmet of the Gastropod (worn) {rC+ Dex+2}
   (You found it on level 5 of the Dungeon)

   It affects your dexterity (+2).
   It protects you from cold.
 E - a scarf of resistance (worn)
Jewellery
 e - a +4 ring of protection (left hand)
 m - an uncursed ring of fire
 z - the ring "Ahoklok" {*Tele rC+}
   (You found it on level 5 of the Dungeon)

   [ring of teleportation]

   It may teleport you next to monsters.
   It protects you from cold.
 B - an amulet of faith (around neck)
 F - a +4 ring of protection
 G - a ring of magical power (right hand)
Wands
 C - a wand of iceblast (9)
 J - a wand of flame (10)
 K - a wand of random effects (31)
 M - a wand of acid (3)
Scrolls
 f - 3 scrolls of enchant weapon {unknown}
 i - 5 scrolls of remove curse
 q - a scroll of magic mapping
 r - a scroll of identify
 s - 3 scrolls of fog {unknown}
 t - a scroll of teleportation {unknown}
 x - 2 scrolls of amnesia
 y - 3 scrolls of blinking {unknown}
 H - a scroll of vulnerability {unknown}
 I - a scroll of immolation {unknown}
Potions
 d - a potion of ambrosia {unknown}
 g - 4 potions of curing
 h - a potion of resistance {unknown}
 j - 4 potions of brilliance
 k - 4 potions of heal wounds
 l - 2 potions of mutation
 n - 4 potions of lignification
 o - 2 potions of haste
 p - a potion of flight {unknown}
 u - 2 potions of invisibility
 A - a potion of cancellation {unknown}


   Skills:
 + Level 1.5 Fighting
 + Level 5.7 Dodging
 + Level 4.5 Stealth
 + Level 12.7 Spellcasting
 + Level 9.9 Conjurations
 + Level 1.1 Summonings
 + Level 3.3 Translocations
 - Level 3.1 Fire Magic
 - Level 1.0 Air Magic
 - Level 1.2 Poison Magic
 + Level 0.4 Evocations


You had 25 spell levels left.
You knew the following spells:

 Your Spells              Type           Power        Failure   Level
a - Magic Dart            Conj           100%         1%          1
b - Blink                 Tloc           N/A          1%          2
c - Conjure Flame         Conj/Fire      44%          1%          3
d - Mephitic Cloud        Conj/Pois/Air  33%          2%          3

Your spell library contained the following spells:

 Spells                   Type           Power        Failure   Level
 Call Imp                 Summ           19%          4%          2
 Slow                     Hex            14%          6%          2


Dungeon Overview and Level Annotations

Branches:
Dungeon (9/15)             Temple (0/1) D:4
   Lair: D:8-11         Orc: D:9-12

Altars:
Gozag
Hepliaklqana
Nemelex Xobeh
Qazlal
Vehumet
Yredelemnul
Zin

Annotations:
D:3 exclusion: downstairs
D:5 exclusion: ice beast
D:8 3 runed translucent doors, H0rd4k's ghost, novice HuAr


Message History

Casting: Magic Dart (safe; 1% risk of failure)
Confirm with . or Enter, or press ? or * to list all spells.
Aiming: Magic Dart (safe; 1% risk of failure)
Press: ? - help, Shift-Dir - straight line, f/p - orc
Aim: an orc, wielding a +0 club and quivering 3 boomerangs (heavily wounded, 0% to evade)
The magic dart hits the orc.
You kill the orc!
The orc priest is engulfed in noxious fumes.
The orc warrior becomes distracted by the nearby gold, dreaming of imaginary riches.
The orc priest becomes distracted by the nearby gold, dreaming of imaginary riches.
The orc warrior is no longer distracted by gold.
Your magical contamination has completely faded away.
The orc priest invokes the aid of Beogh against you.
Beogh smites you!
* * * LOW HITPOINT WARNING * * *
The orc priest looks braver for a moment.
The orc priest calls down the wrath of Beogh upon you.
Beogh smites you!
You die...
Your body crumbles into a pile of gold.

### #.. #.# #.#
..#####.#############
.....................
..#####.....#####.###
#.@.......# #..#
#.###.....# ##.## #.#
#.....# #..# #.# #.....#
##.# #########o#
#.....#######..
........#.###..............
#.........................
#.##...o####.............#
#...o.....#...........#


You could see an orc warrior and an orc priest.

Vanquished Creatures
  A two-headed ogre (D:8)
  A manticore (D:7)
  Maurice (D:8)
  A hornet (D:8)
  Sigmund (D:3)
  A water moccasin (D:7)
  An orc warrior (D:8)
  An ice beast (D:8)
  A black bear (D:8)
  2 phantoms
  2 centaurs (D:8)
  A big kobold (D:7)
  10 bullfrogs
  3 water moccasin zombies
  A wyvern skeleton (D:7)
  A scorpion (D:4)
  4 howler monkeys
  2 bullfrog zombies
  A quasit (D:6)
  2 jellies
  2 gnoll shamans (D:4)
  A bullfrog skeleton (D:9)
  4 hounds
  4 iguanas
  4 orc wizards
  Natasha (thrice) (D:2)
  10 worker ants
  2 hound skeletons (D:8)
  A worker ant zombie (D:7)
  Robin (D:4)
  8 adders
  10 gnolls
  A shadow imp (D:5)
  2 white imps
  4 oozes
  3 adder zombies
  3 worms
  2 dart slugs
  7 leopard geckos
  14 orcs
  7 giant cockroaches
  19 goblins
  6 hobgoblins
  15 jackals
  2 quokkas
  6 bats
  4 frilled lizards
  A giant cockroach zombie (D:1)
  11 kobolds
  A leopard gecko skeleton (D:4)
  A quokka skeleton (D:4)
  A quokka zombie (D:6)
  4 rats (D:1)
202 creatures vanquished.

Vanquished Creatures (others)
  An orc warrior (D:7)
1 creature vanquished.

Grand Total: 203 creatures vanquished

Notes
Turn   | Place    | Note
-------+----------+-------------------------------------------
     0 | D:1      | H0rd4k the Deep Elf Hedge Wizard began the quest for the
                  | Orb.
     0 | D:1      | Reached XP level 1. HP: 10/10 MP: 7/7
   458 | D:1      | Reached XP level 2. HP: 15/15 MP: 6/9
  1672 | D:2      | Reached skill level 5 in Spellcasting
  1770 | D:2      | Noticed Natasha
  1779 | D:2      | Killed Natasha
  1780 | D:2      | Reached XP level 3. HP: 9/19 MP: 2/11
  2029 | D:2      | Learned a level 2 spell: Blink
  2033 | D:2      | Learned a level 3 spell: Conjure Flame
  2037 | D:2      | Learned a level 3 spell: Mephitic Cloud
  2122 | D:2      | Noticed Natasha
  2129 | D:2      | Killed Natasha
  2130 | D:2      | Reached XP level 4. HP: 24/24 MP: 4/13
  2840 | D:2      | Reached skill level 1 in Air Magic
  2840 | D:2      | Reached XP level 5. HP: 10/28 MP: 6/15
  2907 | D:2      | Noticed Natasha
  3129 | D:2      | Reached skill level 1 in Poison Magic
  3166 | D:2      | Killed Natasha
  3256 | D:3      | Found a sparkling altar of Nemelex Xobeh.
  3256 | D:3      | Noticed Sigmund
  3384 | D:3      | Reached skill level 1 in Fire Magic
  3407 | D:3      | Reached skill level 6 in Spellcasting
  4322 | D:3      | Found a hazy altar of Hepliaklqana.
  4322 | D:3      | Found a radiant altar of Vehumet.
  4640 | D:4      | Noticed a phantom
  4695 | D:4      | Found a glowing silver altar of Zin.
  4695 | D:4      | Found a basalt altar of Yredelemnul.
  4777 | D:4      | Reached XP level 6. HP: 32/32 MP: 10/17
  4887 | D:4      | Got a fading dagger
  4888 | D:4      | Identified the +3 dagger of the Singing Saviour {vorpal,
                  | rPois rN+++ Str-4} (You found it on level 4 of the Dungeon)
  5509 | D:4      | Reached skill level 7 in Spellcasting
  5605 | D:4      | Reached XP level 7. HP: 25/36 MP: 3/19
  5890 | D:4      | Noticed Robin
  5936 | D:5      | Entered Level 5 of the Dungeon
  6039 | D:5      | Got a coiled amber ring
  6053 | D:5      | Found an opulent altar of Gozag.
  6064 | D:5      | Became a worshipper of Gozag Ym Sagoz the Greedy
  6262 | D:4      | Found a staircase to the Ecumenical Temple.
  6281 | D:4      | Killed Robin
  6282 | D:4      | Reached skill level 5 in Conjurations
  6507 | D:3      | Killed Sigmund
  6508 | D:3      | Reached skill level 8 in Spellcasting
  7266 | D:4      | Identified the ring "Ahoklok" {*Tele rC+} (You found it on
                  | level 5 of the Dungeon)
  7378 | D:5      | Reached XP level 8. HP: 41/42 MP: 18/22
  7630 | D:5      | Got a polished helmet
  7641 | D:5      | Identified the +0 helmet of the Gastropod {rC+ Dex+2} (You
                  | found it on level 5 of the Dungeon)
  7695 | D:6      | Reached skill level 9 in Spellcasting
  7932 | D:6      | Found a stormy altar of Qazlal.
  8587 | D:7      | Reached skill level 1 in Fighting
  8910 | D:7      | Reached skill level 10 in Spellcasting
  9168 | D:7      | Noticed a manticore
  9182 | D:7      | Killed a manticore
  9183 | D:7      | Reached XP level 9. HP: 28/47 MP: 25/25
  9692 | D:8      | Reached skill level 11 in Spellcasting
  9975 | D:8      | Reached skill level 5 in Dodging
 10140 | D:8      | Got a steaming mace
 10141 | D:8      | Identified the +6 mace of Regicide {antimagic, rElec rPois
                  | Str+3} (You found it on level 8 of the Dungeon)
 10266 | D:8      | Noticed a two-headed ogre
 10290 | D:8      | Killed a two-headed ogre
 10291 | D:8      | Reached skill level 12 in Spellcasting
 10808 | D:8      | Noticed Maurice
 10824 | D:8      | Killed Maurice
 10825 | D:8      | Reached XP level 10. HP: 39/52 MP: 28/28
 11012 | D:8      | Found a runed translucent gate.
 11012 | D:8      | Found a runed translucent gate.
 11012 | D:8      | Found a runed translucent gate.
 11015 | D:8      | Noticed H0rd4k's ghost (novice HuAr)
 11867 | D:9      | Killed from afar by an orc priest

Illustrated notes

Levels and vault maps discovered:
D:1:      saegor_arrival_fortress, layout_basic, minmay_misc_feat_five
D:2:      minmay_general_purpose_star, layout_basic, uniq_natasha
D:3:      layout_basic, overflow_temple_1_default,
          gammafunk_temple_overflow_statue, uniq_sigmund
D:4:      layout_gridville, gammafunk_temple_overflow_pools, temple_fountains,
          uniq_robin
D:5:      layout_basic, grunt_gozag_breadcrumbs
D:6:      layout_basic, grunt_qazlal_clouds
D:7:      layout_basic
D:8:      layout_basic, ebering_ghost_rock_garden, uniq_maurice
D:9:      layout_basic, general_overflow_altar, erik_lair_orcish_takeover,
          ebering_ghost_disaster_area, kennysheep_generic_room_15

Skill      XL: |  1  2  3  4  5  6  7  8  9 |
---------------+----------------------------+-----
Stealth        | 3 4 |  4.5
Spellcasting   | 5 6 7 8 10 12 | 12.7
Conjurations   | 2 3 4 6 7 9 |  9.9
Translocations | 2 3 |  3.3
Dodging        | 3 4 5 |  5.7
Air Magic      | 1 |  1.0
Poison Magic   | 1 |  1.2
Fire Magic     | 1 2 3 |  3.1
Fighting       | 1 |  1.5
Summonings     | |  1.1
Evocations     | |  0.4

Action                   |  1- 3 |  4- 6 |  7- 9 | 10-12 || total
-------------------------+-------+-------+-------+-------++-------
 Cast: Magic Dart        |    90 |   222 |   336 |   100 ||   748
       Conjure Flame     |       |     1 |    23 |     3 ||    27
       Mephitic Cloud    |       |     1 |    20 |     2 ||    23
       Blink             |       |       |     6 |       ||     6
Evoke: Wand              |       |       |     6 |       ||     6
  Use: Scroll            |       |       |       |    11 ||    11
Armor: Robe              |     6 |    11 |    20 |     2 ||    39
Dodge: Dodged            |    10 |    36 |    83 |    27 ||   156
